 Dungeon Crawl Stone Soup version 0.31-a0-1576-ga3383bade6 (webtiles) character file.

Game seed: 11536403048785535145

108600 Flugslaktarn the Metamorph (level 16, -13/114 HPs)
             Began as an Octopode Alchemist on Jan 4, 2024.
             Was an Elder of Wu Jian.
             Mangled by an angel
             ... wielding a +2 sacred scourge of holy wrath
              (24 damage)
             ... on level 4 of the Shoals.
             The game lasted 00:39:42 (10309 turns).

Flugslaktarn the Metamorph (Octopode Alchemist)    Turns: 10309, Time: 00:39:42

Health: -13/114    AC:  1    Str: 18    XL:     16   Next: 22%
Magic:  23/23      EV: 38    Int: 14    God:    Wu Jian [****..]
Gold:   1439       SH: 23    Dex: 24    Spells: 16/25 levels left

rFire   + . .        G - +5 demon whip (vamp)
rCold   . . .        m - +5 kite shield of Qaddeyr {Str+3 Stlth+}
rNeg    + . .        (helmet restricted)
rPois   +            s - amulet of reflection
rElec   .            v - +5 ring of evasion
rCorr   .            b - +6 ring of dexterity
SInv    +            i - ring of see invisible
Will    +....        B - +5 ring of evasion
Stlth   ++           L - ring of Woykhl Fuzi {Fly rPois Str+5 Int-3 Slay+2}
HPRegen 0.39/turn    H - ring of positive energy
MPRegen 0.18/turn    U - ring of wizardry
                     f - ring of protection from fire

%: reflection, wizardry (x1)
@: exhausted, maw-form, in a heavenly storm, flying, glowing
A: devouring maw, almost no armour, amphibious, 8 rings, camouflage 1,
gelatinous body 1, (nimble swimmer 1), tentacles
a: Begin Untransformation, Renounce Religion, Wall Jump, Serpent's Lash


You were on level 4 of the Shoals.
You worshipped Wu Jian.
Wu Jian was greatly pleased with you.
You were a creature with a mouth for a stomach.
You visited 5 branches of the dungeon, and saw 23 of its levels.
You visited 1 bazaar.
You also visited: Ossuary and Ice Cave.

You collected 2576 gold pieces.
You spent 1137 gold pieces at shops.

Inventory:

Hand Weapons
 x - a +0 dagger of distortion
   (You took it off Sonja on level 1 of the Orcish Mines)
 C - a +0 vampiric rapier
   (You took it off Eustachio on level 6 of the Dungeon)
 G - a +5 vampiric demon whip (weapon)
   (You found it on level 8 of the Dungeon)
Missiles
 I - 9 curare-tipped darts (quivered)
Armour
 m - the +5 kite shield of Qaddeyr (worn) {Str+3 Stlth+}
   (You acquired it on level 4 of the Dungeon)

   Str+3:     It affects your strength (+3).
   Stlth+:    It makes you more stealthy.
Magical Staves
 q - a staff of cold
   (You found it in an ice cave)
 M - a staff of earth
   (You found it on level 2 of the Dungeon)
Jewellery
 b - a +6 ring of dexterity (right tentacle)
   (You found it on level 1 of the Dungeon)
 f - a ring of protection from fire (on tentacle)
   (You found it on level 3 of the Lair of Beasts)
 i - a ring of see invisible (on tentacle)
   (You found it on level 3 of the Dungeon)
 s - an amulet of reflection (around mantle)
   (You found it on level 6 of the Dungeon)
 v - a +5 ring of evasion (left tentacle)
   (You found it on level 1 of the Dungeon)
 B - a +5 ring of evasion (on tentacle)
   (You found it on level 4 of the Dungeon)
 D - an amulet of magic regeneration
   (You found it on level 5 of the Lair of Beasts)
 H - a ring of positive energy (on tentacle)
   (You found it on level 9 of the Dungeon)
 K - a ring of ice
   (You found it on level 9 of the Dungeon)
 L - the ring of Woykhl Fuzi (on tentacle) {Fly rPois Str+5 Int-3 Slay+2}
   (You bought it in a shop on level 4 of the Dungeon)

   [ring of flight]

   Str+5:     It affects your strength (+5).
   Int-3:     It affects your intelligence (-3).
   Slay+2:    It affects your accuracy & damage with ranged weapons and melee
   (+2).
   rPois:     It protects you from poison Fly: It grants you flight.
 T - an amulet of guardian spirit
   (You took it off a merfolk javelineer on level 3 of the Shoals)
 U - a ring of wizardry (on tentacle)
   (You found it on level 4 of the Lair of Beasts)
Talismans
 P - a maw talisman (active)
   (You bought it in a shop in a bazaar)
Wands
 d - a wand of charming (10)
   (You found it on level 3 of the Dungeon)
 g - a wand of digging (13)
   (You found it on level 10 of the Dungeon)
 k - a wand of flame (25)
   (You found it on level 4 of the Dungeon)
 o - a wand of iceblast (24)
   (You found it on level 6 of the Dungeon)
 A - a wand of quicksilver (5)
   (You found it on level 4 of the Lair of Beasts)
Scrolls
 c - a scroll of amnesia
 e - a scroll of fear
 l - a scroll of brand weapon
 t - 5 scrolls of teleportation
 y - 3 scrolls of enchant armour
 z - 3 scrolls of blinking
 E - a scroll of immolation
 F - a scroll of poison
 J - 3 scrolls of fog
 Q - 2 scrolls of vulnerability
 V - a scroll of silence
Potions
 a - 3 potions of magic
 h - 3 potions of haste
 j - 2 potions of brilliance
 n - 2 potions of enlightenment
 p - a potion of invisibility
 u - 2 potions of attraction
 w - a potion of lignification
 O - 3 potions of mutation
 R - a potion of might {unknown}
 S - a potion of resistance {unknown}


   Skills:
 + Level 11.8 Fighting
 - Level 2.9 Short Blades
 - Level 9.3 Maces & Flails
 + Level 10.2 Dodging
 - Level 2.6 Stealth
 - Level 9.2 Shields
 - Level 5.0 Spellcasting
 - Level 1.0 Conjurations
 - Level 4.0 Fire Magic
 - Level 8.0 Alchemy
 + Level 16.8 Shapeshifting


You had 16 spell levels left.
You knew the following spells:

 Your Spells              Type           Power      Damage    Failure   Level
a - Sting                 Conj/Alch      64%        1d7       2%          1
b - Olgreb's Toxic Radia  Alch           25%        N/A       5%          4
c - Sticky Flame          Fire/Alch      20%        2d6       12%         4

Your spell library contained the following spells:

 Spells                   Type           Power      Damage    Failure   Level
 Mercury Vapours          Alch/Air       28%        N/A       4%          2
 Foxfire                  Conj/Fire      40%        2x1d6     5%          1
 Mephitic Cloud           Conj/Alch/Air  11%        N/A       12%         3
 Alistair's Intoxication  Alch           16%        N/A       16%         5
 Ensorcelled Hibernation  Hex/Ice        6%         N/A       21%         2
 Passwall                 Erth           3%         N/A       38%         3
 Swiftness                Air            3%         N/A       38%         3
 Eringya's Noxious Bog    Alch           12%        4d6       58%         6
 Animate Dead             Necr           3%         N/A       77%         4
 Summon Lightning Spire   Summ/Air       3%         N/A       77%         4
 Borgnjor's Vile Clutch   Necr/Erth      1%         N/A       98%         5
 Lee's Rapid Deconstruct  Erth           1%         3d4*      98%         5
 Starburst                Conj/Fire      5%         6d4       99%         6
 Death Channel            Necr           1%         N/A       100%        6
 Plasma Beam              Fire/Air       4%         2x1d14    100%        6
 Animate Armour           Summ/Erth      Unusable   N/A       N/A         4

Dungeon Overview and Level Annotations

Branches:
Dungeon (11/15)            Temple (1/1) D:5            Lair (5/5) D:9
 Shoals (4/4) Lair:3       Spider (0/4) Lair:2        Slime (0/5) Lair:5
    Orc (2/2) D:10            Elf (0/3) Orc:2       Ossuary (visited)
  IceCv (visited)

Altars:
Ashenzari
Cheibriados
Dithmenos
Elyvilon
Fedhas
Gozag
Hepliaklqana
Kikubaaqudgha
Makhleb
Nemelex Xobeh
Okawaru
Qazlal
Ru
Sif Muna
Trog
Uskayaw
Vehumet
Wu Jian
Xom
Yredelemnul
Zin
The Shining One
Jiyva

Shops:
D:2 *   D:4 :(=   D:8 *   Orc:1 (   Orc:2 =*[((([

Annotations:
D:2 Robin
D:3 exclusion: upstairs


Innate Abilities, Weirdness & Mutations

You are a creature with a mouth for a stomach.
Your midsection houses a second, enormous mouth.
You cannot wear most types of armour.
You are amphibious.
You can wear up to eight rings at the same time.
Your skin changes colour to match your surroundings (Stealth+).
Your rubbery body absorbs attacks. (AC +1, EV +1)
((You are camouflaged when in or above water. (Stealth+)))
You have tentacles for arms and can constrict up to eight enemies at once.


Message History

a +0 longbow; a +0 club You release your grip on the merfolk.
You spin and attack the merfolk.
You hit the merfolk. You bite the merfolk!
The merfolk is severely wounded.
You spin and attack the sea snake.
You closely miss the sea snake.
An angel comes into view.
It is wielding a +2 sacred scourge of holy wrath.
You block the sea snake's attack.
The cherub sings praise to Zin.
You block the snapping turtle's attack.
Unknown command.
You spin and attack the merfolk.
The angel shouts!
You whack the merfolk! Your grab misses the merfolk. You squeeze the merfolk.
The merfolk is almost dead.
You block the merfolk's attack.
You block the merfolk impaler's attack. x2
Unknown command.
You spin and attack the snapping turtle.
You thrash the snapping turtle!! You grab the snapping turtle.
The snapping turtle is moderately wounded.
You spin and attack the merfolk repeatedly.
You whack the merfolk!
You devour the merfolk!
You feel better.
You kill the merfolk!
The Council accepts your kill.
You spin and attack the sea snake.
You hit the sea snake. Your squeeze misses the sea snake.
You bite the sea snake!
The sea snake is moderately wounded.
You constrict the snapping turtle, but do no damage.
You block the snapping turtle's attack. You block the sea snake's attack.
You block the merfolk impaler's attack.
Unknown command.
You release your grip on the snapping turtle.
You spin and attack the snapping turtle.
You whack the snapping turtle! You grab the snapping turtle.
You squeeze the snapping turtle!
You bite the snapping turtle, but do no damage.
The snapping turtle is severely wounded.
You constrict the snapping turtle, but do no damage.
You block the merfolk impaler's attack. You block the angel's attack. x2
The snapping turtle misses you.
The merfolk impaler hits you from afar with a +0 trishula of holy wrath!!
Unknown command.
You release your grip on the snapping turtle.
A merfolk javelineer and a merfolk impaler come into view.
The merfolk impaler is wielding a +0 trident of freezing.
Found a blackened blue amulet.
You spin and attack the snapping turtle.
The merfolk javelineer shouts!
The merfolk impaler shouts!
You hit the snapping turtle but do no damage.
You squeeze the snapping turtle, but do no damage.
The snapping turtle is severely wounded.
You spin and attack the angel repeatedly.
You hit the angel but do no damage. Your grab misses the angel.
Your bite misses the angel. You barely miss the angel.
Your bite misses the angel. You block the angel's attack.
The angel closely misses you. You block the merfolk impaler's attack.
A merfolk impaler comes into view.
It is wielding a +3 falchion of holy wrath.
You block the snapping turtle's attack.
The angel hits you with a +2 sacred scourge of holy wrath!!!
The angel misses you.
The merfolk impaler completely misses you.
The sea snake completely misses you.
Unknown command.
You spin and attack the sea snake.
You whack the sea snake!
You feel better.
Your grab misses the sea snake. Your bite misses the sea snake.
The sea snake is moderately wounded.
You block the snapping turtle's attack.
Unknown command.
Press: ? - help, v - describe, . - travel
Here: an angel, wielding a +2 sacred scourge of holy wrath and wearing a +0 robe (strong, haloed)
The floor, spattered with blood.
Unknown command.
Unknown command.
The air is filled with shimmering golden clouds!
Sifu Ma Yunglu says: The storm will not cease as long as you keep fighting, disciple!
You can no longer summon a storm of heavenly clouds.
The angel misses you. You block the angel's attack.
You spin and attack the angel.
You hit the angel but do no damage. Your grab misses the angel.
You squeeze the angel, but do no damage.
Your bite misses the angel.
The angel no longer looks unusually strong.
The snapping turtle bites you!!
* * * LOW HITPOINT WARNING * * *
You block the angel's attack. x2
The cherub sings a powerful hymn!
The angel goes into a battle-frenzy!
Unknown command.
You spin and attack the snapping turtle.
You whack the snapping turtle!
The snapping turtle is almost dead.
You spin and attack the angel.
You hit the angel. You grab the angel.
You squeeze the angel, but do no damage.
The angel is lightly wounded.
You constrict the angel.
The angel struggles to escape constriction.
The snapping turtle bites you!!
* * * LOW HITPOINT WARNING * * *
The angel completely misses you.
The angel hits you with a +2 sacred scourge of holy wrath!!
You die...

≈≈≈≈~~.........###~.~
≈
≈≈≈~...P.P....P..##..≈
≈≈≈~.~P.........<.#..≈
≈≈≈~~P............# ~≈
≈≈~..#'#.........#
≈~.###§###.........
≈~##§§§☼.##........
#§AS§☼..#.......
#AtW☼§..##.....
#mm8§☼§8..#....
#mm##§##..# #...###
..# ##.. .## #.. ##".


You could see an angel (strong), 3 merfolk impalers, a cherub, a merfolk
javelineer, a sea snake and a snapping turtle.

Vanquished Creatures
  Mara (Shoals:4)
  Polyphemus (Shoals:2)
  A kraken (Shoals:3)
  Ilsuiw (Shoals:2)
  A frost giant (IceCv)
  An orc warlord (Orc:2)
  2 merfolk javelineers
  5 merfolk impalers
  A hydra (Lair:4)
  6 catoblepae
  A centaur warrior (Shoals:3)
  2 satyrs
  4 merfolk aquamancers
  20 death yaks
  Urug (Lair:5)
  Sonja (Orc:1)
  Amaemon (Lair:2)
  2 fire crabs (Shoals:3)
  2 skysharks
  A cherub (Shoals:4)
  2 sea snakes
  4 orc knights
  14 harpies (Shoals:4)
  An oklob plant (Shoals:1)
  A cyclops (Shoals:3)
  An orc sorcerer (Orc:2)
  8 elephants (Lair:2)
  8 manticores
  2 fauns (Shoals:2)
  Maurice (D:7)
  An ice statue (IceCv)
  A meliai (Lair:2)
  4 kobold blastminers (Orc:2)
  3 black mambas
  An orange demon (Lair:2)
  2 water nymphs (Shoals:4)
  7 merfolk sirens
  10 cane toads
  An unseen horror (D:10)
  Jeremiah (D:7)
  2 komodo dragons
  10 rime drakes
  9 polar bears
  A wind drake (Shoals:4)
  19 merfolk
  A troll (Orc:1)
  5 snapping turtles
  7 hornets (Lair:5)
  2 dream sheep (Shoals:3)
  9 blink frogs
  3 water elementals
  70 yaks
  A fire bat (D:10)
  2 wyverns
  A wraith (D:9)
  Eustachio (D:6)
  4 wargs
  4 vampire mosquitoes (D:10)
  Edmund (D:4)
  An acid dragon (D:10)
  7 water moccasins
  A hell hound (D:10)
  29 orc warriors
  2 black bears
  A sky beast (D:10)
  2 ice beasts
  7 ogres
  5 centaurs
  17 wolves
  A gnoll sergeant (D:9)
  4 scorpions
  8 bullfrogs
  10 water moccasin zombies (Ossuary)
  10 wights
  A burial acolyte (Ossuary)
  6 killer bees
  A howler monkey (D:8)
  An electric eel (Lair:5)
  2 bombardier beetles
  14 orc priests
  2 hounds
  2 sleepcaps (D:5)
  A jelly (D:5)
  A gnoll bouda (D:7)
  2 spectral scorpions (Ossuary)
  6 iguanas
  26 orc wizards
  5 hell rats (Lair:4)
  2 mummies (Ossuary)
  12 adders
  9 gnolls
  2 shadow imps
  A white imp (D:6)
  7 adder zombies (Ossuary)
  A dart slug (D:3)
  A ribbon worm (D:3)
  81 orcs
  2 ball pythons (D:4)
  An endoplasm (D:3)
  4 giant cockroaches
  6 gnoll zombies (Ossuary)
  10 goblins
  6 hobgoblins
  5 kobolds
  3 quokkas (D:1)
  2 bats
  A goblin zombie (D:6)
  2 orc zombies (Ossuary)
  A quokka zombie (D:6)
  2 rats
  4 tentacles (Shoals:3)
620 creatures vanquished.

Vanquished Creatures (others)
  A tentacle (Shoals:3)
1 creature vanquished.

Grand Total: 621 creatures vanquished

Notes
Turn   | Place    | Note
-------+----------+-------------------------------------------
     0 | D:1      | Flugslaktarn the Octopode Alchemist began the quest for the
                  | Orb.
     0 | D:1      | Reached XP level 1. HP: 11/11 MP: 3/3
   114 | D:1      | Reached XP level 2. HP: 17/17 MP: 1/5
   242 | D:2      | Found Rugum's General Store.
   250 | D:2      | Noticed Robin
   335 | D:3      | Reached XP level 3. HP: 10/21 MP: 0/6
   385 | D:4      | Found Pasa's Jewellery Emporium.
   409 | D:4      | Reached XP level 4. HP: 22/27 MP: 3/8
   449 | D:4      | Reached skill level 5 in Alchemy
   471 | D:4      | Noticed Edmund
   593 | D:4      | Learned a level 4 spell: Olgreb's Toxic Radiance
   606 | D:4      | Learned a level 4 spell: Sticky Flame
   622 | D:4      | Reached XP level 5. HP: 31/31 MP: 5/9
   676 | D:4      | Found an iron altar of Okawaru.
   721 | D:4      | Found Parr's Weapon Shop.
   776 | D:4      | Found Ofytyme's Book Shoppe.
   831 | D:5      | Entered Level 5 of the Dungeon
   837 | D:5      | Found a bloodstained altar of Trog.
   855 | D:5      | Reached XP level 6. HP: 36/36 MP: 11/11
   887 | D:5      | Reached skill level 1 in Fire Magic
   977 | D:5      | Reached XP level 7. HP: 41/41 MP: 3/13
  1258 | D:6      | Found a hide-covered altar of Uskayaw.
  1393 | D:6      | Noticed Eustachio
  1409 | D:6      | Killed Eustachio
  1410 | D:6      | Reached XP level 8. HP: 43/46 MP: 2/14
  1430 | D:6      | Found a sand-covered staircase.
  1445 | Ossuary  | Entered an ossuary
  1491 | Ossuary  | Reached skill level 1 in Fighting
  1504 | Ossuary  | Reached skill level 5 in Spellcasting
  1857 | Ossuary  | Reached XP level 9. HP: 48/58 MP: 16/16
  2278 | D:7      | Reached skill level 5 in Fighting
  2278 | D:7      | Reached skill level 5 in Dodging
  2306 | D:7      | Noticed Maurice
  2334 | D:7      | Killed Maurice
  2386 | D:7      | Found an ancient bone altar of Kikubaaqudgha.
  2437 | D:7      | Identified a scroll of acquirement
  2447 | D:7      | Reached skill level 1 in Shapeshifting
  2463 | D:7      | Noticed Jeremiah
  2494 | D:7      | Killed Jeremiah
  2495 | D:7      | Reached skill level 3 in Shapeshifting
  2948 | D:4      | Found a sacrificial altar of Ru.
  2956 | D:4      | Reached skill level 4 in Shapeshifting
  3075 | D:4      | Acquired the +5 kite shield of Qaddeyr {Str+3 Stlth+}
  3140 | D:5      | Found a staircase to the Ecumenical Temple.
  3150 | D:5      | Reached skill level 1 in Short Blades
  3150 | D:5      | Reached skill level 1 in Shields
  3154 | Temple   | Entered the Ecumenical Temple
  3167 | Temple   | Became a worshipper of the Wu Jian Council
  3277 | D:8      | Reached XP level 10. HP: 68/68 MP: 8/17
  3394 | D:8      | Found an opulent altar of Gozag.
  3474 | D:8      | Found a broken altar of Ashenzari.
  3685 | D:8      | Found Aqen's General Store.
  3717 | D:8      | Bought a scroll of blinking for 90 gold pieces
  3756 | D:9      | Reached * piety under Wu Jian
  3757 | D:9      | Reached skill level 1 in Maces & Flails
  3791 | D:9      | Found a hazy altar of Hepliaklqana.
  3853 | D:9      | Found a staircase to the Lair.
  3946 | D:9      | Found a sparkling altar of Nemelex Xobeh.
  4016 | D:9      | Reached skill level 5 in Shields
  4093 | D:10     | Entered Level 10 of the Dungeon
  4094 | D:10     | Found a shadowy altar of Dithmenos.
  4115 | D:10     | Found a glowing silver altar of Zin.
  4187 | D:10     | Noticed an unseen horror
  4205 | D:10     | Killed an unseen horror
  4262 | D:10     | Found a shimmering altar of Xom.
  4452 | D:4      | Bought the ring of Woykhl Fuzi {Fly rPois Str+5 Int-3
                  | Slay+2} for 454 gold pieces
  4463 | D:4      | Killed Edmund
  4623 | D:10     | Found a glowing golden altar of the Shining One.
  4670 | D:10     | Reached XP level 11. HP: 74/74 MP: 18/18
  4684 | D:10     | Reached ** piety under Wu Jian
  4722 | D:10     | Found a white marble altar of Elyvilon.
  4792 | D:11     | Found a frozen archway.
  4808 | IceCv    | Entered an ice cave
  4866 | IceCv    | Noticed a death yak
  4884 | IceCv    | Reached skill level 5 in Maces & Flails
  4900 | IceCv    | Killed a death yak
  5139 | IceCv    | Noticed a death yak
  5144 | IceCv    | Noticed a death yak
  5172 | IceCv    | Killed a death yak
  5194 | IceCv    | Killed a death yak
  5194 | IceCv    | Reached *** piety under Wu Jian
  5310 | IceCv    | Noticed a death yak
  5310 | IceCv    | Noticed a frost giant
  5383 | IceCv    | Killed a frost giant
  5468 | IceCv    | Killed a death yak
  5469 | IceCv    | Reached XP level 12. HP: 66/84 MP: 19/19
  5573 | IceCv    | Noticed a death yak
  5573 | IceCv    | Noticed a death yak
  5574 | IceCv    | Noticed a death yak
  5601 | IceCv    | Killed a death yak
  5612 | IceCv    | Killed a death yak
  5626 | IceCv    | Killed a death yak
  5679 | IceCv    | Reached skill level 10 in Fighting
  5936 | D:10     | Found a staircase to the Orcish Mines.
  5963 | Orc:1    | Entered Level 1 of the Orcish Mines
  6023 | Orc:1    | Found Jitocirch's Weapon Shoppe.
  6179 | Orc:2    | Entered Level 2 of the Orcish Mines
  6179 | Orc:2    | Found Uqeix's Assorted Antiques.
  6309 | Orc:2    | Bought a viscous silvery potion for 27 gold pieces
  6309 | Orc:2    | Bought 2 white potions for 55 gold pieces
  6309 | Orc:2    | Bought a scroll labelled CANEMP RIH ZARGH for 31 gold
                  | pieces
  6383 | Orc:2    | Reached **** piety under Wu Jian
  6439 | Orc:2    | Found Wesif's Antique Armour Emporium.
  6480 | Orc:2    | Found Dagukeg's Weapon Shop.
  6577 | Orc:2    | Found Oghe's Jewellery Boutique.
  6578 | Orc:2    | Found a staircase to the Elven Halls.
  6650 | Orc:2    | Found a flickering gateway to a bazaar.
  6658 | Bazaar   | Entered a bazaar
  6662 | Bazaar   | Found Wemor's Antique Weapon Emporium.
  6673 | Bazaar   | Found Ziwnann's Magic Scroll Boutique.
  6681 | Bazaar   | Found Poita's General Store.
  6692 | Bazaar   | Found Teudomakam's Antique Armour Emporium.
  6703 | Bazaar   | Found Cunk's Jewellery Shop.
  6711 | Bazaar   | Bought a maw talisman for 300 gold pieces
  6733 | Bazaar   | Bought a scroll of blinking for 90 gold pieces
  6733 | Bazaar   | Bought a scroll of enchant weapon for 90 gold pieces
  6822 | Orc:2    | Reached skill level 5 in Shapeshifting
  6842 | Orc:2    | Reached XP level 13. HP: 82/92 MP: 11/20
  6887 | Orc:2    | Noticed an orc warlord
  6898 | Orc:2    | Reached ***** piety under Wu Jian
  6899 | Orc:2    | Reached skill level 6 in Shapeshifting
  7160 | Orc:2    | Killed an orc warlord
  7276 | Orc:2    | Found Ulesman's Antique Weapon Emporium.
  7285 | Orc:2    | Found Duschach's Antique Armour Shoppe.
  7345 | Orc:2    | Found Fami Wad's Weapon Emporium.
  7355 | Orc:2    | Reached skill level 7 in Shapeshifting
  7547 | Orc:1    | Noticed Sonja
  7549 | Orc:1    | Killed Sonja
  7901 | Lair:1   | Entered Level 1 of the Lair of Beasts
  7993 | Lair:1   | Reached skill level 8 in Shapeshifting
  8131 | Lair:1   | Reached skill level 9 in Shapeshifting
  8231 | Lair:2   | Reached skill level 10 in Shapeshifting
  8232 | Lair:2   | Found a shadowy altar of Dithmenos.
  8313 | Lair:2   | Noticed Amaemon
  8331 | Lair:2   | Killed Amaemon
  8365 | Lair:2   | Reached skill level 11 in Shapeshifting
  8373 | Lair:2   | Found a hole to the Spider Nest.
  8488 | Lair:3   | Reached XP level 14. HP: 99/99 MP: 21/21
  8684 | Lair:4   | Reached skill level 12 in Shapeshifting
  8771 | Lair:4   | Reached ****** piety under Wu Jian
  8818 | Lair:5   | Entered Level 5 of the Lair of Beasts
  8850 | Lair:5   | Noticed Urug
  8854 | Lair:5   | Killed Urug
  8896 | Lair:5   | Found a staircase to the Slime Pits.
  8896 | Lair:5   | Found a viscous altar of Jiyva.
  8905 | Lair:5   | Reached skill level 13 in Shapeshifting
  9097 | Lair:5   | Reached skill level 14 in Shapeshifting
  9209 | Lair:5   | Got an earthy gem with 2529 turns to spare
  9664 | Lair:3   | Reached skill level 15 in Shapeshifting
  9711 | Lair:3   | Found a staircase to the Shoals.
  9717 | Lair:3   | Reached XP level 15. HP: 99/103 MP: 22/22
  9726 | Shoals:1 | Entered Level 1 of the Shoals
  9750 | Shoals:1 | Found a glowing silver altar of Zin.
  9822 | Shoals:2 | Noticed Polyphemus
  9823 | Shoals:2 | Noticed Ilsuiw
  9837 | Shoals:2 | Killed Polyphemus
  9839 | Shoals:2 | Killed Ilsuiw
  9843 | Shoals:2 | Reached skill level 16 in Shapeshifting
 10030 | Shoals:3 | Noticed a kraken
 10048 | Shoals:3 | Killed a kraken
 10096 | Shoals:4 | Entered Level 4 of the Shoals
 10175 | Shoals:4 | Noticed Mara
 10190 | Shoals:4 | Killed Mara
 10195 | Shoals:4 | Reached XP level 16. HP: 80/113 MP: 23/23
 10198 | Shoals:4 | Found a glowing golden altar of the Shining One.
 10204 | Shoals:4 | Reached skill level 10 in Dodging
 10296 | Shoals:4 | Found a glowing silver altar of Zin.
 10309 | Shoals:4 | Mangled by an angel

Illustrated notes

Levels and vault maps discovered:
D:1:      zelgadis_glass_arrival_small, layout_basic, minmay_misc_feat_plants
D:2:      layout_basic, serial_shops, shop, minmay_lizard_king, uniq_robin
D:3:      layout_basic
D:4:      layout_cave_pools, mainiacjoe_overflow_chevrons,
          nicolae_ru_great_annihilating_truth, serial_shops,
          nicolae_book_shop_shelving, nicolae_shop_trees, shop, uniq_edmund
D:5:      layout_loops_ring, nicolae_overflow_crystal_walls,
          minmay_temple_entry_poolview, serial_rivers,
          chequers_serial_rivers_room_a, chequers_serial_rivers_marsh,
          chequers_serial_rivers_micro_c, chequers_serial_rivers_micro_d,
          chequers_serial_rivers_micro_b
D:6:      layout_loops_corners, mainiacjoe_overflow_six_doors_small,
          enter_ossuary_4, minivault_5, minivault_27, chequers_garden,
          uniq_eustachio
D:7:      layout_cave_pools, kennysheep_little_box, uniq_jeremiah, uniq_maurice
D:8:      layout_basic, amcnicky_altar_gilded, lemuel_round_altar, serial_shops,
          shop, nicolae_shop_drivethru, minmay_checkerbox
D:9:      layout_big_octagon, mainiacjoe_overflow_tiny_flanked,
          nemelex_spade_bored_becter
D:10:     layout_rooms, elyvilon_altar_5, regret_index_xom_of_box,
          lemuel_round_altar, mainiacjoe_overflow_catch_the_wave,
          hiddenorc1_lemuel
D:11:     layout_irregular_city, portal_ice_cave_rime
Temple:   nicolae_temple_bog_church
Lair:1:   layout_cave_pods, lemuel_fruit_tree, infiniplex_staircase_pool_2,
          grunt_megastairs_4
Lair:2:   dreamdust_cave_troll, layout_long_grid,
          hellmonk_spider_entry_not_the_bees, basic_altar, uniq_amaemon
Lair:3:   layout_regular_city, minmay_shoals_entry_centaurs
Lair:4:   nzn_motion_control, layout_layer_cave, grunt_megastairs_1
Lair:5:   evilmike_catoblepas_cave, layout_regular_city, slime_entry_1,
          chequers_serial_rivers_small_b, dreamdust_wasp_nest,
          infiniplex_staircase_pool, uniq_urug
Shoals:1: layout_shoals, lemuel_oklob_altar, uniq_roxanne
Shoals:2: layout_shoals, nicolae_shoals_this_corrosion, uniq_ilsuiw,
          uniq_polyphemus
Shoals:3: layout_shoals, minmay_shop_mass, hangedman_shoal_volcano
Shoals:4: shoals_end_hellmonk_holy_island, serial_shops, uniq_mara
Orc:1:    layout_caves, serial_shops, shop, uniq_sonja
Orc:2:    grunt_orc_community_town_hall, layout_diamond_mine,
          grunt_orc_community_big_house_2, grunt_orc_community_big_house_1,
          grunt_orc_community_house_2, grunt_orc_community_house_1,
          grunt_orc_community_house_2, grunt_orc_community_house_3,
          grunt_orc_community_house_1, serial_shops, bzr_entry_water,
          nicolae_shop_peninsula, shop, nicolae_shop_gaudy_bauble

Skill      XL: |  1  2  3  4  5  6  7  8  9 10 11 12 13 14 15 16 |
---------------+-------------------------------------------------+-----
Alchemy        | 4 5 6 7 8 |  8.0
Spellcasting   | 3 4 5 |  5.0
Fire Magic     | 2 4 |  4.0
Fighting       | 4 6 8 10 11 | 11.8
Dodging        | 4 6 7 8 9 10 | 10.2
Shapeshifting  | 4 5 11 15 16 | 16.8
Short Blades   | 1 2 |  2.9
Shields        | 1 6 8 9 |  9.2
Maces & Flails | 4 7 9 |  9.3
Stealth        | |  2.6
Conjurations   | |  1.0

Action                     |  1- 3 |  4- 6 |  7- 9 | 10-12 | 13-15 | 16-18 || total
---------------------------+-------+-------+-------+-------+-------+-------++-------
  Melee: Unarmed           |     4 |       |       |       |       |       ||     4
         Tentacles         |     6 |     7 |    73 |   156 |   299 |    32 ||   573
         Constrict         |     8 |     8 |    53 |    64 |   148 |    21 ||   302
         Dagger            |    24 |    30 |   196 |       |       |       ||   250
         Punch             |     1 |     1 |     5 |     7 |    23 |     1 ||    38
         Trident           |       |       |    35 |    14 |       |       ||    49
         Mace              |       |       |    12 |       |       |       ||    12
         Demon whip        |       |       |       |   465 |   909 |    74 ||  1448
         Maw               |       |       |       |       |   281 |    27 ||   308
  Throw: Dart              |       |       |       |     2 |       |       ||     2
   Cast: Sting             |    29 |    37 |    22 |       |       |       ||    88
         Olgreb's Toxic Ra |       |     3 |    18 |    47 |    36 |       ||   104
         Sticky Flame      |       |       |     6 |     5 |       |       ||    11
 Invoke: Serpent's Lash    |       |       |       |     1 |     9 |     2 ||    12
         Heavenly Storm    |       |       |       |       |     2 |     1 ||     3
Ability: Lunge             |       |       |       |    18 |    53 |     5 ||    76
         Whirlwind         |       |       |       |    18 |   194 |    39 ||   251
  Evoke: Wand              |       |       |     5 |     2 |       |       ||     7
    Use: Scroll            |     2 |     3 |     5 |     7 |     8 |       ||    25
         Potion            |       |       |     4 |     5 |     1 |       ||    10
   Stab: Sleeping          |       |     2 |    12 |     4 |    15 |       ||    33
         Paralysed         |       |       |     1 |       |       |       ||     1
         Petrified         |       |       |       |       |    13 |       ||    13
         Petrifying        |       |       |       |       |     2 |       ||     2
 Armour: Skin              |    14 |    16 |    53 |    64 |   126 |    11 ||   284
  Dodge: Dodged            |    28 |    30 |   168 |   205 |   389 |    24 ||   844
  Block: Other             |       |       |    35 |    13 |       |       ||    48
         Kite shield       |       |       |       |   426 |   832 |    57 ||  1315
         Reflection        |       |       |       |    14 |    21 |       ||    35
   Form: Maw               |       |       |       |       |     1 |       ||     1

Table legend: (Time is in decaauts)
 A = Elapsed time spent in this place.
 B = Non-inter-level travel time spent in this place.
 C = Inter-level travel time spent in this place.
 D = Time resting spent in this place.
 E = Time spent auto-exploring this place.
 F = Levels seen in this place.
 G = Mean time per level.
                   A        B        C        D        E       F      G
               +--------+--------+--------+--------+--------+-----+--------+
         Total |  10120 |   8974 |   1146 |    658 |   2211 |  26 |  389.2 |
       Dungeon |   4526 |   3686 |    840 |     38 |   1164 |  11 |  411.5 |
        Temple |     26 |      2 |     24 |      0 |      0 |   1 |   26.0 |
          Lair |   1728 |   1605 |    123 |      0 |      0 |   5 |  345.6 |
        Shoals |    538 |    538 |      0 |      0 |      0 |   4 |  134.5 |
  Orcish Mines |   1734 |   1576 |    158 |    201 |    609 |   2 |  867.0 |
        Bazaar |     86 |     86 |      0 |      0 |     47 |   1 |   86.0 |
       Ossuary |    440 |    440 |      0 |    164 |     43 |   1 |  440.0 |
      Ice Cave |   1037 |   1037 |      0 |    255 |    348 |   1 | 1037.0 |
               +--------+--------+--------+--------+--------+-----+--------+

Top non-repeatable levels by time:
   IceCv: 1037 daAuts
   Orc:2: 1034 daAuts
     D:5: 791 daAuts
     D:6: 704 daAuts
   Orc:1: 699 daAuts
     D:4: 626 daAuts
    D:10: 556 daAuts
  Lair:5: 530 daAuts
     D:8: 529 daAuts
 Ossuary: 440 daAuts
     D:9: 425 daAuts
  Lair:4: 408 daAuts
     D:7: 392 daAuts
  Lair:3: 292 daAuts
  Lair:1: 260 daAuts
